| TOP OF THE 1ST |
|
Winnipeg Goldeyes batting - Pitching for Brockton Rox : RHP Lukasha Sheigus
|
|
Pitching: RHP Lukasha Sheigus
|
|
|
Batting: SHB Ian Thompson
|
0-0: Ball 1-0: Ball 2-0: Ball 3-0: Base on Balls
|
|
Batting: RHB David McClellan
|
0-0: Ball 1-0: Ball Wild Pitch! Ian Thompson to second 2-0: Foul Ball, location: 2F 2-1: Foul Ball, location: 2F 2-2: Strikes out swinging
|
|
Batting: RHB Willie Jimenez
|
0-0: Foul Ball, location: 2F 0-1: Ball 1-1: Ground out 6-3 (Groundball, 6S, EV 61.2 MPH) Ian Thompson to third
|
|
Batting: LHB Marvin Shepherd
|
0-0: Ball 1-0: Ground out U3 (Groundball, 34, EV 80.0 MPH)
|
| Top of the 1st over - 0 runs, 0 hits, 0 errors, 1 left on base; Winnipeg 0 - Brockton 0 |
| BOTTOM OF THE 1ST |
|
Brockton Rox batting - Pitching for Winnipeg Goldeyes : RHP Tom Winsor
|
|
Pitching: RHP Tom Winsor
|
|
|
Batting: RHB Sal Rivera
|
0-0: Called Strike 0-1: Called Strike 0-2: Ball 1-2: Strikes out swinging, 2-3 out at first.
|
|
Batting: LHB John Buff
|
0-0: Called Strike 0-1: Foul Ball, location: 2F 0-2: Ball 1-2: Foul Ball, location: 2F 1-2: Ball 2-2: Foul Ball, location: 2F 2-2: Strikes out swinging
|
|
Batting: RHB Jim Hubbard
|
0-0: Ball 1-0: Called Strike 1-1: Ball 2-1: SOLO HOME RUN (Flyball, 9LD, EV 89.4 MPH), Distance : 335 ft
|
|
Batting: LHB Carlos Guerra
|
0-0: Foul Ball, location: 2F 0-1: Ball 1-1: Ball 2-1: Foul Ball, location: 2F 2-2: Ball 3-2: Ground out 4-3 (Groundball, 4M, EV 90.6 MPH)
|
| Bottom of the 1st over - 1 run, 1 hit, 0 errors, 0 left on base; Winnipeg 0 - Brockton 1 |
| TOP OF THE 2ND |
|
Winnipeg Goldeyes batting - Pitching for Brockton Rox : RHP Lukasha Sheigus
|
|
Batting: LHB Kuemon Shishido
|
0-0: Ball 1-0: Foul Ball, location: 2F 1-1: Swinging Strike 1-2: Ball 2-2: Strikes out looking
|
|
Batting: SHB Manny Molina
|
0-0: Called Strike 0-1: Called Strike 0-2: Strikes out looking
|
|
Batting: LHB Brian Wagner
|
0-0: Ground out 6-3 (Groundball, P, EV 88.8 MPH)
|
| Top of the 2nd over - 0 runs, 0 hits, 0 errors, 0 left on base; Winnipeg 0 - Brockton 1 |
| BOTTOM OF THE 2ND |
|
Brockton Rox batting - Pitching for Winnipeg Goldeyes : RHP Tom Winsor
|
|
Batting: LHB Danny Montoya
|
0-0: Ball 1-0: Ball 2-0: Ground out 5-3 (Groundball, 56, EV 86.9 MPH)
|
|
Pitching: RHP Tim Weller
|
|
|
Batting: RHB Ted Emmerich
|
0-0: Called Strike 0-1: Called Strike 0-2: Ball 1-2: Foul Ball, location: 2F 1-2: Ball 2-2: Ground out 6-3 (Groundball, 6S, EV 87.5 MPH)
|
|
Batting: RHB Alex Melendez
|
0-0: Ball 1-0: Ball 2-0: Ball 3-0: Base on Balls
|
|
Batting: RHB Josh Smith
|
0-0: Called Strike 0-1: Foul Ball, location: 2F 0-2: Foul Ball, location: 2F 0-2: Ball 1-2: Foul Ball, location: 2F 1-2: Ball 2-2: Foul Ball, location: 2F 2-2: Fly out, F8 (Line Drive, 8LM, EV 93.8 MPH)
|
| Bottom of the 2nd over - 0 runs, 0 hits, 0 errors, 1 left on base; Winnipeg 0 - Brockton 1 |
| TOP OF THE 3RD |
|
Winnipeg Goldeyes batting - Pitching for Brockton Rox : RHP Lukasha Sheigus
|
|
Batting: RHB Antonio Santos
|
0-0: Ball 1-0: Foul Ball, location: 2F 1-1: Ball 2-1: DOUBLE (Line Drive, 89M, EV 108.8 MPH)
|
|
Batting: RHB Ton van Dijk
|
0-0: Ball 1-0: Foul Ball, location: 2F 1-1: Ball 2-1: Ball 3-1: Foul Ball, location: 2F 3-2: Base on Balls
|
|
Batting: SHB Ian Thompson
|
0-0: Foul Ball, location: 2F 0-1: Called Strike 0-2: Ball 1-2: Ball 2-2: Ball 3-2: Grounds out, U3 (Groundball, 3L, EV 108.8 MPH) Antonio Santos to third
|
|
Batting: RHB David McClellan
|
0-0: Ground out 6-3 (Groundball, 6, EV 99.4 MPH) Antonio Santos scores
|
|
Batting: RHB Willie Jimenez
|
0-0: Ball 1-0: Called Strike 1-1: Foul Ball, location: 2F 1-2: Strikes out swinging
|
| Top of the 3rd over - 1 run, 1 hit, 0 errors, 1 left on base; Winnipeg 1 - Brockton 1 |
| BOTTOM OF THE 3RD |
|
Brockton Rox batting - Pitching for Winnipeg Goldeyes : RHP Tim Weller
|
|
Batting: RHB Travis Campbell
|
0-0: Called Strike 0-1: Called Strike 0-2: Foul Ball, location: 2F 0-2: Ball 1-2: Strikes out looking
|
|
Batting: RHB Sal Rivera
|
0-0: Foul Ball, location: 2F 0-1: Ball 1-1: Ball 2-1: Called Strike 2-2: SINGLE (Flyball, 4D, EV 88.1 MPH)
|
|
Batting: LHB John Buff
|
0-0: Ball Sal Rivera steals 2nd, throwing error, E2 Sal Rivera to third 1-0: Called Strike 1-1: Foul Ball, location: 2F 1-2: Ball 2-2: Fly out, F6 (Flyball, 6D, EV 73.8 MPH)
|
|
Batting: RHB Jim Hubbard
|
0-0: Ball 1-0: Ball 2-0: Ball 3-0: Called Strike 3-1: Base on Balls
|
|
Batting: LHB Carlos Guerra
|
0-0: Ball 1-0: Called Strike 1-1: Ball 2-1: Ground out 4-3 (Groundball, 4, EV 83.8 MPH)
|
| Bottom of the 3rd over - 0 runs, 1 hit, 1 error, 2 left on base; Winnipeg 1 - Brockton 1 |
| TOP OF THE 4TH |
|
Winnipeg Goldeyes batting - Pitching for Brockton Rox : RHP Lukasha Sheigus
|
|
Batting: LHB Marvin Shepherd
|
0-0: Foul Ball, location: 2F 0-1: Ground out U3 (Groundball, 3, EV 81.9 MPH)
|
|
Batting: LHB Kuemon Shishido
|
0-0: Foul Ball, location: 2F 0-1: Ball 1-1: Fly out, F8 (Line Drive, 8LD, EV 91.9 MPH)
|
|
Batting: SHB Manny Molina
|
0-0: Fly out, F9 (Flyball, 9LD, EV 78.8 MPH)
|
| Top of the 4th over - 0 runs, 0 hits, 0 errors, 0 left on base; Winnipeg 1 - Brockton 1 |
| BOTTOM OF THE 4TH |
|
Brockton Rox batting - Pitching for Winnipeg Goldeyes : RHP Tim Weller
|
|
Batting: LHB Danny Montoya
|
0-0: Called Strike 0-1: Ball 1-1: Ball 2-1: Fly out, F9 (Flyball, 9D, EV 98.1 MPH)
|
|
Batting: RHB Ted Emmerich
|
0-0: Called Strike 0-1: Ball 1-1: Ground out 6-3 (Groundball, 6, EV 85.0 MPH)
|
|
Batting: RHB Alex Melendez
|
0-0: Called Strike 0-1: Ball 1-1: Fly out, F7 (Line Drive, 7, EV 95.0 MPH)
|
| Bottom of the 4th over - 0 runs, 0 hits, 0 errors, 0 left on base; Winnipeg 1 - Brockton 1 |
| TOP OF THE 5TH |
|
Winnipeg Goldeyes batting - Pitching for Brockton Rox : RHP Lukasha Sheigus
|
|
Batting: LHB Brian Wagner
|
0-0: Ball 1-0: Ball 2-0: Called Strike 2-1: Foul Ball, location: 2F 2-2: Ball 3-2: Foul Ball, location: 2F 3-2: Ground out U3 (Groundball, 3, EV 111.2 MPH)
|
|
Batting: RHB Antonio Santos
|
0-0: Ball 1-0: Called Strike 1-1: Swinging Strike 1-2: Ball 2-2: Strikes out swinging
|
|
Batting: RHB Ton van Dijk
|
0-0: Ball 1-0: Foul Ball, location: 2F 1-1: Foul Ball, location: 2F 1-2: Foul Ball, location: 2F 1-2: SINGLE (Line Drive, 6MD, EV 94.4 MPH)
|
|
Batting: SHB Ian Thompson
|
0-0: Ball Ton van Dijk is caught stealing 2nd base 2-6
|
| Top of the 5th over - 0 runs, 1 hit, 0 errors, 0 left on base; Winnipeg 1 - Brockton 1 |
| BOTTOM OF THE 5TH |
|
Brockton Rox batting - Pitching for Winnipeg Goldeyes : RHP Tim Weller
|
|
Batting: RHB Josh Smith
|
0-0: Ball 1-0: Foul Ball, location: 2F 1-1: Ball 2-1: Ball 3-1: Foul Ball, location: 2F 3-2: Foul Ball, location: 2F 3-2: Base on Balls
|
|
Pitching: LHP Kevin Drew
|
|
|
Batting: RHB Travis Campbell
|
0-0: Called Strike 0-1: Ball 1-1: Grounds into double play, 3-6-3 (Groundball, 13, EV 87.5 MPH)
|
|
Batting: RHB Sal Rivera
|
0-0: Ball 1-0: Ball 2-0: Called Strike 2-1: Swinging Strike 2-2: Ball 3-2: Strikes out swinging
|
| Bottom of the 5th over - 0 runs, 0 hits, 0 errors, 0 left on base; Winnipeg 1 - Brockton 1 |
| TOP OF THE 6TH |
|
Winnipeg Goldeyes batting - Pitching for Brockton Rox : RHP Lukasha Sheigus
|
|
Batting: SHB Ian Thompson
|
0-0: Foul Ball, location: 2F 0-1: Swinging Strike 0-2: Ball 1-2: Foul Ball, location: 2F 1-2: Ball 2-2: Foul Ball, location: 2F 2-2: Ball 3-2: Fly out, F8 (Flyball, 89XD, EV 94.4 MPH)
|
|
Batting: RHB David McClellan
|
0-0: Called Strike 0-1: Foul Ball, location: 2F 0-2: Ball 1-2: Fly out, F5 (Popup, 5SF, EV 72.5 MPH)
|
|
Batting: RHB Willie Jimenez
|
0-0: Ball 1-0: Called Strike 1-1: Ball 2-1: Ball 3-1: Foul Ball, location: 2F 3-2: Fly out, F9 (Flyball, 89M, EV 85.6 MPH)
|
| Top of the 6th over - 0 runs, 0 hits, 0 errors, 0 left on base; Winnipeg 1 - Brockton 1 |
| BOTTOM OF THE 6TH |
|
Brockton Rox batting - Pitching for Winnipeg Goldeyes : LHP Kevin Drew
|
|
Batting: LHB John Buff
|
0-0: Ball 1-0: Fly out, F8 (Flyball, 8RD, EV 95.6 MPH)
|
|
Batting: RHB Jim Hubbard
|
0-0: Ball 1-0: Ball 2-0: Called Strike 2-1: Foul Ball, location: 2F 2-2: Ball 3-2: Fly out, F8 (Flyball, 8RD, EV 101.9 MPH)
|
|
Batting: LHB Carlos Guerra
|
0-0: Ball 1-0: Swinging Strike 1-1: Foul Ball, location: 2F 1-2: Strikes out looking
|
| Bottom of the 6th over - 0 runs, 0 hits, 0 errors, 0 left on base; Winnipeg 1 - Brockton 1 |
| TOP OF THE 7TH |
|
Winnipeg Goldeyes batting - Pitching for Brockton Rox : RHP Lukasha Sheigus
|
|
Batting: LHB Marvin Shepherd
|
0-0: Foul Ball, location: 2F 0-1: Ball 1-1: Ball 2-1: Foul Ball, location: 2F 2-2: Fly out, F9 (Flyball, 9LS, EV 87.5 MPH)
|
|
Batting: LHB Kuemon Shishido
|
0-0: Called Strike 0-1: Ball 1-1: Ball 2-1: Foul Ball, location: 2F 2-2: Ball 3-2: Fly out, F7 (Flyball, 7D, EV 95.6 MPH)
|
|
Batting: SHB Manny Molina
|
0-0: Called Strike 0-1: Ball 1-1: Ball 2-1: Called Strike 2-2: Foul Ball, location: 2F 2-2: Foul Ball, location: 2F 2-2: Strikes out swinging
|
| Top of the 7th over - 0 runs, 0 hits, 0 errors, 0 left on base; Winnipeg 1 - Brockton 1 |
| BOTTOM OF THE 7TH |
|
Brockton Rox batting - Pitching for Winnipeg Goldeyes : LHP Kevin Drew
|
|
Batting: LHB Danny Montoya
|
0-0: Called Strike 0-1: Ball 1-1: Called Strike 1-2: Foul Ball, location: 2F 1-2: Foul Ball, location: 2F 1-2: Ball 2-2: Foul Ball, location: 2F 2-2: Foul Ball, location: 2F 2-2: Strikes out swinging
|
|
Batting: RHB Ted Emmerich
|
0-0: Ball 1-0: Ball 2-0: Foul Ball, location: 2F 2-1: Swinging Strike 2-2: Ground out 5-3 (Groundball, 56S, EV 68.1 MPH)
|
|
Batting: RHB Alex Melendez
|
0-0: Fly out, F9 (Flyball, 89S, EV 88.8 MPH)
|
| Bottom of the 7th over - 0 runs, 0 hits, 0 errors, 0 left on base; Winnipeg 1 - Brockton 1 |
| TOP OF THE 8TH |
|
Winnipeg Goldeyes batting - Pitching for Brockton Rox : RHP Lukasha Sheigus
|
|
Batting: LHB Brian Wagner
|
0-0: Ball 1-0: Ball 2-0: Ball 3-0: Called Strike 3-1: Fly out, F2 (Popup, 5SF, EV 74.4 MPH)
|
|
Batting: RHB Antonio Santos
|
0-0: SOLO HOME RUN (Flyball, 7D, EV 98.1 MPH), Distance : 374 ft
|
|
Batting: RHB Ton van Dijk
|
0-0: Called Strike 0-1: Ball 1-1: SINGLE (Groundball, 6MD, EV 105.0 MPH)
|
|
Pitching: RHP Joseph Anderson
|
|
|
Batting: SHB Ian Thompson
|
0-0: Swinging Strike 0-1: Foul Ball, location: 2F 0-2: Ball Ton van Dijk is caught stealing 2nd base 2-6 1-2: Ball 2-2: Ball 3-2: Fly out, F5 (Popup, 15, EV 85.6 MPH)
|
| Top of the 8th over - 1 run, 2 hits, 0 errors, 0 left on base; Winnipeg 2 - Brockton 1 |
| BOTTOM OF THE 8TH |
|
Brockton Rox batting - Pitching for Winnipeg Goldeyes : LHP Kevin Drew
|
|
Pitching: RHP Larry Muttart
|
|
|
Batting: RHB Josh Smith
|
0-0: SINGLE (Groundball, 6MD, EV 96.2 MPH)
|
|
Pinch Hitting: LHB Aaron Brannon
|
0-0: Ball 1-0: Foul Ball, location: 2F 1-1: Foul Ball, location: 2F 1-2: Foul Ball, location: 2F 1-2: Ball 2-2: Foul Ball, location: 2F 2-2: Foul Ball, location: 2F 2-2: Fly out, F8 (Flyball, 8LM, EV 90.6 MPH)
|
|
Batting: RHB Sal Rivera
|
0-0: Fly out, F9 (Flyball, 9D, EV 98.8 MPH)
|
|
Pitching: LHP David Gordon
|
|
|
Pinch Hitting: RHB Mike Griffin
|
0-0: Called Strike 0-1: Foul Ball, location: 2F 0-2: Strikes out swinging
|
| Bottom of the 8th over - 0 runs, 1 hit, 0 errors, 1 left on base; Winnipeg 2 - Brockton 1 |
| TOP OF THE 9TH |
|
Winnipeg Goldeyes batting - Pitching for Brockton Rox : RHP Joseph Anderson
|
|
Now at 3B: Mike Griffin
|
|
|
Now in CF: Sal Rivera
|
|
|
Now in RF: Bakhtiar Asadov
|
|
|
Batting: RHB David McClellan
|
0-0: Ball 1-0: SINGLE (Groundball, 6MD, EV 107.5 MPH)
|
|
Batting: RHB Willie Jimenez
|
0-0: Fly out, F9 (Line Drive, 9, EV 104.4 MPH)
|
|
Batting: LHB Marvin Shepherd
|
0-0: Ball David McClellan steals 2nd base 1-0: Called Strike 1-1: Ball 2-1: Foul Ball, location: 2F 2-2: Ground out 5-3 (Groundball, 56, EV 77.5 MPH)
|
|
Batting: LHB Kuemon Shishido
|
0-0: Foul Ball, location: 2F 0-1: Ball 1-1: Called Strike 1-2: Ground out 3-1 (Groundball, 34S, EV 89.4 MPH)
|
| Top of the 9th over - 0 runs, 1 hit, 0 errors, 1 left on base; Winnipeg 2 - Brockton 1 |
| BOTTOM OF THE 9TH |
|
Brockton Rox batting - Pitching for Winnipeg Goldeyes : LHP David Gordon
|
|
Now in LF: Steve Terrell
|
|
|
Now in CF: Ton van Dijk
|
|
|
Batting: RHB Jim Hubbard
|
0-0: SINGLE (Flyball, 9LS, EV 91.9 MPH)
|
|
Batting: LHB Carlos Guerra
|
0-0: Foul Ball, location: 2F 0-1: Ball 1-1: Swinging Strike 1-2: Strikes out swinging
|
|
Batting: LHB Danny Montoya
|
0-0: Ball 1-0: Called Strike 1-1: Ball 2-1: Foul Ball, location: 2F 2-2: Strikes out looking
|
|
Batting: RHB Ted Emmerich
|
0-0: Ball 1-0: Ball 2-0: Called Strike 2-1: Ground out 4-3 (Groundball, 4, EV 103.8 MPH)
|
| Bottom of the 9th over - 0 runs, 1 hit, 0 errors, 1 left on base; Winnipeg 2 - Brockton 1 |
|